 Dungeon Crawl Stone Soup version 0.28.0-53-g5a82cb258f (webtiles) character file.

Game seed: 8207142592686336385

452 PentaManta the Thaumaturge (level 6, -8/32 HPs)
             Began as a Deep Elf Conjurer on June 18, 2022.
             Mangled by an orc warrior
             ... wielding a +0 battleaxe of freezing
              (25 damage)
             ... on level 3 of the Dungeon.
             The game lasted 00:03:26 (2631 turns).

PentaManta the Thaumaturge (Deep Elf Conjurer)      Turns: 2631, Time: 00:03:26

Health: -8/32      AC:  2    Str:  4    XL:     6   Next: 75%
Magic:  1/19       EV: 12    Int: 25    God:
Gold:   90         SH:  0    Dex: 13    Spells: 12/21 levels left

rFire   . . .      SeeInvis .   (no weapon)
rCold   . . .      Faith    .   (no shield)
rNeg    . . .      Spirit   .   a - +0 robe
rPois   .          Reflect  .   (no helmet)
rElec   .          Harm     .   (no cloak)
rCorr   .          Rampage  .   (no gloves)
Will    .....                   (no boots)
Stlth   ++........              (no amulet)
HPRegen 0.10/turn               (no ring)
MPRegen 0.16/turn               (no ring)

@: no status effects
A: no striking features
a: no special abilities


You were on level 3 of the Dungeon.
You visited 1 branch of the dungeon, and saw 3 of its levels.

You collected 90 gold pieces.

Inventory:

Armour
 a - a +0 robe (worn)
Jewellery
 j - a ring of resist corrosion
Wands
 h - a wand of iceblast (5)
Scrolls
 b - 2 scrolls of teleportation {unknown}
 c - 2 scrolls of enchant armour {unknown}
 d - a scroll of acquirement {unknown}
 g - a scroll of identify {unknown}
Potions
 e - 2 potions of might {unknown}
 f - a potion of heal wounds {unknown}
 i - a potion of mutation {unknown}


   Skills:
 - Level 2.4 Dodging
 - Level 2.4 Stealth
 * Level 8.1 Spellcasting
 + Level 6.2 Conjurations


You had 12 spell levels left.
You knew the following spells:

 Your Spells              Type           Power      Damage    Failure   Level
a - Magic Dart            Conj           100%       1d8       1%          1
b - Searing Ray           Conj           82%        2d7       1%          2
c - Dazzling Flash        Conj/Hex       50%        N/A       4%          3
d - Tukima's Dance        Hex            10%        N/A       19%         3

Your spell library contained the following spells:

 Spells                   Type           Power      Damage    Failure   Level
 Fulminant Prism          Conj/Hex       12%        3d9       16%         4
 Iskenderun's Mystic Bla  Conj/Tloc      25%        2d7       16%         4
 Anguish                  Hex/Necr       5%         N/A       52%         4
 Enfeeble                 Hex            5%         N/A       100%        7


Dungeon Overview and Level Annotations

Branches:
Dungeon (3/15)

Altars:
Nemelex Xobeh


Message History

The orc warrior is moderately wounded. (Press . to maintain the ray.)
Your Spellcasting skill increases to level 8!
Restarting spell: Searing Ray (safe; 1% risk of failure)
Press: ? - help, Q - select action, (/) - cycle Shift-Dir - straight line, f/p - orc warrior
Aim: an orc warrior, wielding a +0 battleaxe of freezing and wearing a +0 chain mail (moderately wounded, 80% to hit)
The searing ray hits the orc warrior.
The orc warrior is heavily wounded. (Press . to maintain the ray.)
The orc warrior closely misses you.
Restarting spell: Searing Ray (safe; 1% risk of failure)
Press: ? - help, Q - select action, (/) - cycle Shift-Dir - straight line, f/p - orc warrior
Aim: an orc warrior, wielding a +0 battleaxe of freezing and wearing a +0 chain mail (heavily wounded, 80% to hit)
The searing ray hits the orc warrior!
The orc warrior is severely wounded. (Press . to maintain the ray.)
The orc warrior closely misses you.
Aiming: Searing Ray (safe; 1% risk of failure)
Press: ? - help, Q - select action, (/) - cycle Shift-Dir - straight line, f/p - orc warrior
Aim: an orc warrior, wielding a +0 battleaxe of freezing and wearing a +0 chain mail (severely wounded, 80% to hit)
The searing ray misses the orc warrior. (Press . to maintain the ray.)
The orc warrior hits you with a +0 battleaxe of freezing!
The orc warrior freezes you.
Restarting spell: Searing Ray (safe; 1% risk of failure)
Press: ? - help, Q - select action, (/) - cycle Shift-Dir - straight line, f/p - orc warrior
Aim: an orc warrior, wielding a +0 battleaxe of freezing and wearing a +0 chain mail (severely wounded, 80% to hit)
The searing ray misses the orc warrior. (Press . to maintain the ray.)
The orc warrior closely misses you.
Unknown command.
Restarting spell: Searing Ray (safe; 1% risk of failure)
Press: ? - help, Q - select action, (/) - cycle Shift-Dir - straight line, f/p - orc warrior
Aim: an orc warrior, wielding a +0 battleaxe of freezing and wearing a +0 chain mail (severely wounded, 80% to hit)
The searing ray hits the orc warrior.
The orc warrior is almost dead. (Press . to maintain the ray.)
The orc warrior hits you with a +0 battleaxe of freezing!!
Ouch! That really hurt!
You die...

#.#
#.......#
#.#
####.#.##
##)#.#
##...†#
#.....#
#....##
#.#.##
#.#o#
.######.#@#
..........#
.######<###
#.# #.#
...≈. #.#
§≈§.≈.# #.#
...§.≈..#
#.#
._.≈.≈..#
#.#


You could see an orc warrior.

Vanquished Creatures
  Grinder (D:3)
  A sky beast (D:3)
  An orc priest (D:3)
  Natasha (D:3)
  A hound skeleton (D:3)
  An adder (D:3)
  4 worms
  2 orcs (D:3)
  5 bats
  4 endoplasms
  14 giant cockroaches (D:2)
  3 goblins
  3 hobgoblins
  3 jackals (D:2)
  3 quokkas (D:1)
  5 ball pythons
  3 frilled lizards
  8 kobolds
  5 rats
  A spectral goblin (D:2)
69 creatures vanquished.

Vanquished Creatures (others)
  4 plants (D:1)
4 creatures vanquished.

Grand Total: 73 creatures vanquished

Notes
Turn   | Place    | Note
-------+----------+-------------------------------------------
     0 | D:1      | PentaManta the Deep Elf Conjurer began the quest for the
                  | Orb.
     0 | D:1      | Reached XP level 1. HP: 10/10 MP: 6/6
   212 | D:1      | Reached XP level 2. HP: 15/15 MP: 5/8
   397 | D:1      | Reached skill level 4 in Spellcasting
   489 | D:1      | Learned a level 2 spell: Searing Ray
   991 | D:2      | Reached XP level 3. HP: 19/19 MP: 6/10
  1415 | D:2      | Found a faded altar of an unknown god.
  1808 | D:2      | Reached skill level 5 in Spellcasting
  1942 | D:2      | Reached skill level 5 in Conjurations
  2007 | D:2      | Learned a level 3 spell: Dazzling Flash
  2011 | D:2      | Learned a level 3 spell: Tukima's Dance
  2097 | D:3      | Found a sparkling altar of Nemelex Xobeh.
  2127 | D:3      | Reached XP level 4. HP: 24/24 MP: 10/13
  2182 | D:3      | Noticed Grinder
  2184 | D:3      | Paralysed by Grinder for 4 turns
  2191 | D:3      | Killed Grinder
  2192 | D:3      | Reached skill level 7 in Spellcasting
  2192 | D:3      | Reached XP level 5. HP: 27/28 MP: 4/16
  2293 | D:3      | Noticed Natasha
  2297 | D:3      | Killed Natasha
  2298 | D:3      | Reached XP level 6. HP: 32/32 MP: 13/18
  2521 | D:3      | Noticed an orc warrior
  2521 | D:3      | Noticed a sky beast
  2622 | D:3      | Killed a sky beast
  2623 | D:3      | Reached skill level 8 in Spellcasting
  2631 | D:3      | Mangled by an orc warrior

Illustrated notes

Levels and vault maps discovered:
D:1:      saegor_arrival_simple_b, layout_loops_cross,
          chequers_serial_rivers_room_b, serial_bayou_pond_b,
          minmay_misc_feat_hallway
D:2:      minmay_roachtagon, layout_rooms,
          dreamdust_ecumenical_altar_drowned_temple
D:3:      layout_loops_ring, mainiacjoe_overflow_concentric_impassable,
          ebering_ghost_reflecting_pool, minmay_divided_ellipse, uniq_grinder,
          uniq_natasha, uniq_sigmund

Skill      XL: |  1  2  3  4  5  6 |
---------------+-------------------+-----
Spellcasting   | 4 5 7 8 |  8.1
Conjurations   | 5 6 |  6.2
Dodging        | |  2.4
Stealth        | |  2.4

Action                   |  1- 3 |  4- 6 || total
-------------------------+-------+-------++-------
Melee: Unarmed           |     6 |       ||     6
 Cast: Magic Dart        |   100 |     4 ||   104
       Searing Ray       |       |    23 ||    23
Armor: Robe              |    10 |     1 ||    11
Dodge: Dodged            |    21 |     8 ||    29
